 Dungeon Crawl Stone Soup version 0.20-b1-14-g8425815 (webtiles) character file.

111 tof the Skirmisher (level 4, -2/39 HPs)
             Began as a Barachi Monk on May 23, 2017.
             Splashed by a jelly's acid (9 damage)
             ... on level 3 of the Dungeon.
             The game lasted 00:04:34 (2314 turns).

tof the Skirmisher (Barachi Monk)                   Turns: 2314, Time: 00:04:36

Health: -2/39      AC:  0    Str: 12    XL:     4   Next: 92%
Magic:  4/4        EV:  3    Int: 10    God:
Gold:   49         SH:  0    Dex: 16    Spells: 3/3 levels left

rFire    . . .     SeeInvis .   a - +1 hand axe
rCold    . . .     Gourm    .   (no shield)
rNeg     . . .     Faith    .   i - +0 plate armour (curse)
rPois    .         Spirit   .   (no helmet)
rElec    .         Reflect  .   (no cloak)
rCorr    .         Harm     .   j - +0 pair of gloves
MR       .....                  (no boots)
Stlth    ..........             (no amulet)
Regen    0.2/turn               f - ring of flight
MPRegen  0.1/turn               (no ring)

@: corroded, slow
A: +LOS, swims, slowness 1, strong legs 1
a: Hop, Evoke Flight


You were on level 3 of the Dungeon.
You were not hungry.

You visited 1 branch of the dungeon, and saw 3 of its levels.

You collected 49 gold pieces.

Inventory:

Hand Weapons
 a - a +1 hand axe (weapon)
Armour
 b - a +0 robe
 i - a cursed +0 plate armour (worn)
 j - a +0 pair of gloves (worn)
 k - a cursed +1 ring mail
Jewellery
 f - a ring of flight (left hand)
Potions
 e - a potion of heal wounds {unknown}
 h - a potion of haste {unknown}
 l - a potion of brilliance {unknown}
 m - a potion of ambrosia {unknown}
Comestibles
 c - a bread ration
 d - 3 fruits
 g - 2 chunks of flesh


   Skills:
 * Level 5.0 Fighting
 * Level 4.9 Axes
 + Level 1.0 Armour
 - Level 3.2 Dodging
 - Level 1.7 Stealth


You had 3 spell levels left.
You didn't know any spells.

Dungeon Overview and Level Annotations

Branches:
Dungeon (3/15)

Altars:


Innate Abilities, Weirdness & Mutations

Shadows flee at your approach. (+LOS)
You can swim through water.
You cover ground slowly.
You can hop short distances.


Message History

You are too injured to fight recklessly!
You are too injured to fight recklessly!
You are too injured to fight recklessly!
You are too injured to fight recklessly!
You are too injured to fight recklessly!
You are too injured to fight recklessly!
You are too injured to fight recklessly!
You are too injured to fight recklessly!
You are too injured to fight recklessly!
You are too injured to fight recklessly!
You hit the jelly but do no damage.
Your hands burn!
The jelly is severely wounded.
The jelly completely misses you.
You hit the jelly but do no damage.
Your hands burn!
* * * LOW HITPOINT WARNING * * *
The jelly is severely wounded.
The jelly hits you.
* * * LOW HITPOINT WARNING * * *
You are splashed with acid!
The acid burns!
You die...

###########
###.....)...###
#.............# .##.##
#.#.##..###.#.#
..>....###.#.##..###.#.#
#....J@....##........#
####.###.####......#.# #
###.####..##..#.#
................#
#####.#<>#.#.#.#
#.#..#.#.#.# #
#........# ####.#####
#.#


You could see a jelly.

Vanquished Creatures
  Terence (D:2)
  2 adders (D:2)
  3 worms (D:2)
  3 dart slugs (D:1)
  A ball python (D:1)
  2 giant cockroaches (D:1)
  11 goblins
  2 hobgoblins
  4 jackals (D:1)
  10 bats
  5 frilled lizards
  7 kobolds
  4 rats (D:1)
55 creatures vanquished.

Vanquished Creatures (others)
  A bat (D:1)
1 creature vanquished.

Grand Total: 56 creatures vanquished

Notes
Turn   | Place    | Note
-------+----------+-------------------------------------------
     0 | D:1      | tof the Barachi Monk began the quest for the Orb.
     0 | D:1      | Reached XP level 1. HP: 18/18 MP: 1/1
   349 | D:1      | Reached XP level 2. HP: 7/25 MP: 2/2
   611 | D:1      | Reached skill level 4 in Fighting
   816 | D:1      | Reached XP level 3. HP: 23/30 MP: 3/3
  1970 | D:2      | Reached XP level 4. HP: 34/38 MP: 4/4
  1988 | D:2      | Noticed Terence
  2004 | D:2      | Killed Terence
  2004 | D:2      | Reached skill level 1 in Armour
  2174 | D:2      | Reached skill level 5 in Fighting
  2314 | D:3      | Splashed by a jelly's acid

Skill      XL: |  1  2  3  4 |
---------------+-------------+-----
Fighting       | 4 5 |  5.0
Axes           | 4 |  4.9
Armour         | 1 |  1.0
Dodging        | |  3.2
Stealth        | |  1.7

Action                   |  1- 3 |  4- 6 || total
-------------------------+-------+-------++-------
Melee: Hand axe          |   157 |    54 ||   211
  Use: Scroll            |     5 |     1 ||     6
 Stab: Sleeping          |     1 |       ||     1
  Eat: Chunk             |     4 |     1 ||     5
Armor: Robe              |    15 |       ||    15
       Plate armour      |   146 |    45 ||   191
Dodge: Dodged            |    54 |    11 ||    65
